 Dungeon Crawl Stone Soup version 0.18-a0-79-gb542d04 (webtiles) character file.

661 Duffy the Firebug (level 7, 50/50 HPs)
             Began as a Mottled Draconian Fire Elementalist on Nov 12, 2015.
             Quit the game on level 3 of the Dungeon.
             The game lasted 00:05:58 (3667 turns).

Duffy the Firebug (DrFE)                            Turns: 3667, Time: 00:05:58

Health: 50/50      AC:  7    Str: 10    XL:     7   Next: 30%
Magic:  2/11       EV: 12    Int: 18    God:
Gold:   191        SH:  0    Dex: 11    Spells: 3 memorised, 4 levels left

rFire  . . .     SeeInvis .     u - +0 blowgun
rCold  . . .     Clarity  .     (armour unavailable)
rNeg   . . .     SustAt   .     (no shield)
rPois  .         Gourm    .     d - +1 hat
rElec  .         Spirit   .     (no cloak)
rCorr  .         Warding  .     (no gloves)
rMut   .         Stasis   .     (no boots)
MR     .....                    f - amulet of regeneration
Stlth  ++........               (no ring)
                                (no ring)

@: short of breath, not resistant to hostile enchantments, unstealthy
A: breathe sticky flame splash, unfitting armour, cold-blooded, AC +6
a: Breathe Sticky Flame


You were on level 3 of the Dungeon.
You were hungry.

You visited 1 branch of the dungeon, and saw 4 of its levels.

You collected 191 gold pieces.


Innate Abilities, Weirdness & Mutations

You can spit globs of burning liquid.
You can ignite nearby creatures when you spit burning liquid.
Your weird mottled scales are hard (AC +6).
Your body does not fit into most forms of armour.
You are cold-blooded and may be slowed by cold attacks.


   Skills:
 - Level 1.7 Dodging
 - Level 1.7 Stealth
 - Level 3.0 Spellcasting
 + Level 5.7 Conjurations
 + Level 6.2 Fire Magic


You had 4 spell levels left.
You knew the following spells:

 Your Spells              Type           Power        Failure   Level  Hunger
a - Flame Tongue          Conj/Fire      ###..        1%          1    None
c - Conjure Flame         Conj/Fire      ###.....     4%          3    ###....
s - Sticky Flame          Conj/Fire      ###.....     17%         4    ####...

Inventory:

Hand Weapons
 c - a +0 dagger
 h - a +0 dagger of draining
 u - a +0 blowgun (weapon)
Missiles
 e - 17 poisoned needles (quivered)
Armour
 d - a +1 hat (worn)
Jewellery
 f - an amulet of regeneration (around neck)
Wands
 q - a wand of random effects (32)
Scrolls
 g - a scroll of blinking {unknown}
 l - 2 scrolls of identify {unknown}
 p - a scroll of remove curse {unknown}
 v - a scroll of recharging {unknown}
 w - a scroll of random uselessness {unknown}
 y - a scroll of noise {unknown}
Potions
 i - a potion of heal wounds {unknown}
 k - a potion of brilliance {unknown}
 n - a potion of curing {unknown}
 r - a potion of agility {unknown}
 t - a potion of might
Books
 a - a book of Flames
 j - a book of Transfigurations
Comestibles
 b - 4 bread rations
 m - a royal jelly
 o - 2 fruits
 s - a meat ration
 x - 4 chunks of flesh

Dungeon Overview and Level Annotations

Branches:
Dungeon (4/15)
 Temple: D:4-7

Altars:
Cheibriados
Qazlal
Xom


Message History

Press: ? - help, Shift-Dir - straight line, f/p - Pikel
Aim: Pikel, wielding a whip of electrocution and wearing a robe (heavily wounded, poisoned)
You shoot a poisoned needle. The poisoned needle hits Pikel!
Pikel looks even sicker.
Pikel is heavily wounded.
Firing (i - inventory):
e - 20 poisoned needles (quivered)
Press: ? - help, Shift-Dir - straight line, f/p - Pikel
Aim: Pikel, wielding a whip of electrocution and wearing a robe (heavily wounded, poisoned)
You shoot a poisoned needle.
The poisoned needle closely misses Pikel.
Firing (i - inventory):
e - 19 poisoned needles (quivered)
Press: ? - help, Shift-Dir - straight line, f/p - Pikel
Aim: Pikel, wielding a whip of electrocution and wearing a robe (severely wounded, poisoned)
You shoot a poisoned needle.
The poisoned needle closely misses Pikel.
Firing (i - inventory):
e - 18 poisoned needles (quivered)
Press: ? - help, Shift-Dir - straight line, f/p - Pikel
Aim: Pikel, wielding a whip of electrocution and wearing a robe (almost dead, poisoned)
You shoot a poisoned needle.
The poisoned needle closely misses Pikel.
You kill Pikel!
Your Conjurations skill increases to level 5!
Your Fire Magic skill increases to level 5!
You have reached level 6!
Your experience leads to an increase in your attributes!
Increase (S)trength, (I)ntelligence, or (D)exterity?
You feel clever.
Your scales feel tougher.
You have reached level 7!
Your Fire Magic skill increases to level 6!
Your scales start taking on a weird mottled colour.
With Pikel's spell broken, the former slave thanks you for its freedom.
Press: ? - help, Shift-Dir - straight line, f - you You spit a glob of burning liquid.
You feel somewhat more hungry.
Okay, then.
Are you sure you want to abandon this character and quit the game? (Confirm with "yes".)

#.###.#.#
#.......#...#.##.#
#.......#
##########.##.##.#
#####.###
#.##.##.# #.#
#####.##.##.# #p#
###...#....)..#
#.####
#..........#######
#.##.##
#.#...#.###)......
#.....####.##.##.#
#.#####.
##>...(p..@...##.#
#.......
##...####.#####.#
#..####. ##.##
#.#####.# #.......
### #.......#
##.##### #########
#.# #.### # #...#
# ###.# # #.# #


You could see a neutral freed slave (wandering).

Action                   |  1- 3 |  4- 6 |  7- 9 || total
-------------------------+-------+-------+-------++-------
Melee: Dagger            |    68 |    56 |       ||   124
 Fire: Blowgun           |       |    15 |       ||    15
 Cast: Flame Tongue      |    41 |    62 |       ||   103
       Conjure Flame     |       |     6 |       ||     6
       Sticky Flame      |       |     2 |       ||     2
 Abil: Breathe Sticky Fl |       |       |     1 ||     1
 Stab: Sleeping          |     3 |     3 |       ||     6
  Eat: Chunk             |     3 |     7 |       ||    10

Notes
Turn   | Place    | Note
--------------------------------------------------------------
     0 | D:1      | Duffy the Draconian Fire Elementalist began the quest for the Orb.
     0 | D:1      | Reached XP level 1. HP: 14/14 MP: 3/3
   445 | D:1      | Reached XP level 2. HP: 20/20 MP: 5/5
  1078 | D:1      | Reached XP level 3. HP: 26/26 MP: 5/7
  1266 | D:1      | Learned a level 3 spell: Conjure Flame
  1291 | D:2      | Reached skill level 3 in Spellcasting
  1339 | D:2      | Reached skill level 2 in Conjurations
  1689 | D:2      | Found a stormy altar of Qazlal.
  1737 | D:2      | Reached XP level 4. HP: 22/33 MP: 1/8
  1826 | D:2      | Reached skill level 3 in Conjurations
  1855 | D:2      | Learned a level 4 spell: Sticky Flame
  2043 | D:2      | Found a shimmering altar of Xom.
  2467 | D:3      | Found a snail-covered altar of Cheibriados.
  2860 | D:3      | Reached XP level 5. HP: 38/38 MP: 7/9
  3292 | D:4      | Reached skill level 4 in Conjurations
  3292 | D:4      | Reached skill level 4 in Fire Magic
  3343 | D:4      | Noticed a slave
  3343 | D:4      | Noticed a slave
  3344 | D:4      | Noticed a slave
  3344 | D:4      | Noticed a slave
  3345 | D:4      | Noticed Pikel
  3385 | D:3      | Killed a slave
  3481 | D:3      | Killed a slave
  3494 | D:3      | Killed a slave
  3665 | D:3      | Killed Pikel
  3665 | D:3      | Reached skill level 5 in Conjurations
  3665 | D:3      | Reached skill level 5 in Fire Magic
  3665 | D:3      | Reached XP level 6. HP: 45/45 MP: 2/10
  3665 | D:3      | Reached skill level 6 in Fire Magic
  3665 | D:3      | Reached XP level 7. HP: 50/50 MP: 2/11
  3667 | D:3      | Quit the game

Vault maps used:
D:1:      dpeg_arrival_tiny_k, kennysheep_boxes
D:2:      xom_butterflies, grunt_qazlal_clouds, first_bread
D:3:      cheibriados_altar_1
D:4:      serial_shops, nicolae_shop_trees, makhleb_heckhound_becter, uniq_pikel

Vanquished Creatures
  Pikel
  3 slaves
  A scorpion
  7 adders
  An ooze
  3 worms
  An orc
  2 ball pythons
  5 giant cockroaches
  11 goblins
  10 hobgoblins
  8 kobolds
  A quokka
  10 bats
  2 giant geckos
  2 giant newts
  2 jackals
  10 rats
80 creatures vanquished.
